 Dungeon Crawl Stone Soup version 0.19.1-1-g22dce08 (webtiles) character file.

43462 RedPan the Grappler (level 13, -7/105 HPs)
             Began as a Red Draconian Transmuter on Dec 28, 2016.
             Was a High Priest of Okawaru.
             Mangled by Rupert
             ... wielding a +1 executioner's axe of chopping
              (42 damage)
             ... on level 5 of the Lair of Beasts.
             The game lasted 01:06:14 (23422 turns).

RedPan the Grappler (Red Draconian Transmuter)     Turns: 23422, Time: 01:06:15

Health: -7/105     AC: 14    Str: 13    XL:     13   Next: 91%
Magic:  23/30      EV: 24    Int: 18    God:    Okawaru [*****.]
Gold:   985        SH:  0    Dex: 14    Spells: 4 memorised, 9 levels left

rFire  + + .     SeeInvis +       - Unarmed
rCold  + . .     Gourm    .     (armour unavailable)
rNeg   . . .     Faith    .     (no shield)
rPois  .         Spirit   .     (helmet restricted)
rElec  .         Reflect  .     V - +1 cloak
rCorr  .         Harm     .     C - +0 pair of gloves
MR     .....                    W - +2 pair of boots {Fly}
Stlth  +++.......               n - amulet of regeneration
                                e - ring of Veimirew {rF+ rC+ MP+9}
                                L - ring of see invisible

@: heroism, finesse, flying
A: breathe fire, unfitting armour, agile 1, fire resistance 1, wild magic 1,
cold-blooded, AC +8
a: Breathe Fire, Heroism, Finesse, Renounce Religion, Stop Flying


You were on level 5 of the Lair of Beasts.
You worshipped Okawaru.
Okawaru was extremely pleased with you.
You were very hungry.

You visited 3 branches of the dungeon, and saw 20 of its levels.
You also visited: Ossuary.

You collected 1276 gold pieces.
You spent 291 gold pieces at shops.

Inventory:

Missiles
 w - 71 arrows
Armour
 C - a +0 pair of gloves (worn)
 V - a +1 cloak (worn)
 W - a +2 pair of boots of flying (worn)
Jewellery
 e - the ring of Veimirew (right hand) {rF+ rC+ MP+9}
   (You acquired it on level 2 of the Lair of Beasts)

   [ring of protection from fire]

   It protects you from fire.
   It protects you from cold.
   It affects your magic capacity (+9).
 n - an amulet of regeneration (around neck)
 s - an uncursed amulet of rage {unknown}
 x - an uncursed ring of protection from magic
 A - an uncursed ring of positive energy
 L - a ring of see invisible (left hand)
Wands
 m - a wand of confusion (25/48)
 v - a wand of confusion (17/48)
 y - a wand of iceblast (6/15)
 B - a wand of slowing (19/48)
 U - a wand of polymorph (3/24)
Scrolls
 a - 6 scrolls of magic mapping
 h - 9 scrolls of remove curse
 l - 7 scrolls of teleportation
 o - 5 scrolls of enchant weapon
 p - 2 scrolls of blinking
 r - 2 scrolls of brand weapon
 F - 4 scrolls of enchant armour
 I - 5 scrolls of identify
 P - a scroll of recharging
Potions
 d - 2 potions of magic
 j - 3 potions of haste
 q - 3 potions of resistance
 t - a potion of berserk rage {unknown}
 u - 4 potions of curing
 z - 5 potions of ambrosia
 M - 3 potions of agility
 N - 2 potions of might
 S - 2 potions of invisibility
Comestibles
 c - 10 bread rations
 f - 11 royal jellies
 g - a beef jerky
 i - 4 meat rations


   Skills:
 - Level 7.0(12.0) Fighting
 + Level 13.0(18.0) Dodging
 + Level 13.4(18.4) Unarmed Combat
 - Level 5.4 Spellcasting
 - Level 10.4 Transmutations
 - Level 2.0 Poison Magic
 - Level 7.1 Invocations


You had 9 spell levels left.
You knew the following spells:

 Your Spells              Type           Power        Failure   Level  Hunger
a - Beastly Appendage     Tmut           ######       1%          1    None
b - Spider Form           Tmut/Pois      #####.....   4%          3    ##.....
c - Blade Hands           Tmut           ######....   10%         5    ######.
d - Ice Form              Ice/Tmut       ####....     24%         4    ####...


Dungeon Overview and Level Annotations

Branches:
Dungeon (14/15)            Temple (1/1) D:5            Lair (5/6) D:11
  Swamp (0/4) Lair:2        Snake (0/4) Lair:3          Orc (0/2) D:12
 Vaults (0/5) D:14
  Slime: Lair:5-6

Altars:
Ashenzari
Cheibriados
Dithmenos
Elyvilon
Fedhas
Gozag
Hepliaklqana
Kikubaaqudgha
Makhleb
Nemelex Xobeh
Okawaru
Qazlal
Ru
Sif Muna
Trog
Uskayaw
Vehumet
Xom
Yredelemnul
Zin
The Shining One

Shops:
D:4 !**}   D:8 ?   D:12 *   D:14 (

Annotations:
Lair:5 Rupert


Innate Abilities, Weirdness & Mutations

You can breathe blasts of fire.
Your fiery red scales are hard. (AC +8)
You cannot fit into any form of body armour.
Your flesh is heat resistant. (rF+)
You are cold-blooded and may be slowed by cold attacks.
You are agile. (Dex +2)
Your spells are a little harder to cast, but a little more powerful.


Message History

Rupert hits you with an executioner's axe of chopping.
You hit Rupert but do no damage.
Rupert is severely wounded.
You hit Rupert. You tail-slap Rupert, but do no damage.
Rupert is severely wounded.
You closely miss Rupert.
Rupert is severely wounded.
Rupert hits you with an executioner's axe of chopping!
You pummel Rupert!!
Rupert is almost dead.
You pummel Rupert!!
Rupert is almost dead.
You punch Rupert!
Rupert is almost dead.
Rupert hits you with an executioner's axe of chopping!
* * * LOW HITPOINT WARNING * * *
x2 You hear a roar!
You feel much better.
Rupert hits you with an executioner's axe of chopping!!!
You die...

P.... P... .P.. ##..
#... ##..## #.†..#
#P@### #.....## ##@#.#
..#....# #..# ......#
##.## ##.....#
...##D.### #.....P#
..........### #......#
.P.P.#..##..###......#
#######.#..........PP#
#...##...#.P..P# ##..
####.##..##


You could see Rupert (berserk) and a four-headed hydra.

Vanquished Creatures
  A vault guard (D:14)
  A hydra (Lair:2)
  2 unseen horrors
  3 hill giants
  10 ugly things
  2 manticores (D:11)
  3 cyclopes
  2 black mambas
  4 elephants (Lair:4)
  5 spiny frogs
  2 centaur skeletons (D:12)
  2 kobold demonologists (D:12)
  A komodo dragon (shapeshifter) (D:14)
  5 komodo dragons
  3 meliai (D:14)
  6 trolls
  A tyrant leech (Lair:2)
  2 two-headed ogres
  3 blink frogs (Lair:2)
  3 slime creatures (D:13)
  9 hippogriffs
  A shadow (D:14)
  9 redbacks
  6 wyverns
  44 yaks
  4 hungry ghosts
  Edmund (D:4)
  A mottled dragon (D:13)
  10 water moccasins
  8 porcupines
  Duvessa (D:5)
  8 ice beasts
  A sky beast (D:14)
  A black bear (D:10)
  8 orc warriors
  A necrophage (D:13)
  4 phantoms
  8 ogres
  16 wolves
  7 centaurs
  8 crocodiles
  6 big kobolds
  21 bullfrogs
  A wyvern zombie (D:14)
  Dowan (D:5)
  3 scorpions
  6 killer bees
  13 wights
  An electric eel (D:8)
  6 howler monkeys
  9 crimson imps
  2 bullfrog zombies
  3 centaur zombies
  5 hounds
  9 jellies
  8 orc wizards
  2 bullfrog skeletons
  7 orc priests
  Crazy Yiuf (D:2)
  6 iguanas
  Natasha (twice) (D:4)
  5 worker ants
  2 big kobold zombies (Ossuary)
  2 hound zombies
  2 hound skeletons
  4 mummies (Ossuary)
  A worker ant zombie (D:7)
  A gnoll (D:1)
  8 adders
  4 river rats (D:11)
  3 shadow imps
  6 oozes
  An adder zombie (D:9)
  A worm (D:3)
  6 dart slugs
  3 leopard geckos
  50 orcs
  21 bats
  4 giant cockroaches
  8 goblins
  9 hobgoblins
  7 jackals
  24 kobolds
  9 quokkas
  5 frilled lizards
  A hobgoblin zombie (Ossuary)
  A jackal zombie (D:5)
  15 rats
532 creatures vanquished.

Vanquished Creatures (others)
  6 fungi
6 creatures vanquished.

Grand Total: 538 creatures vanquished

Notes
Turn   | Place    | Note
-------+----------+-------------------------------------------
     0 | D:1      | RedPan the Draconian Transmuter began the quest for the Orb.
     0 | D:1      | Reached XP level 1. HP: 16/16 MP: 3/3
   230 | D:1      | Reached XP level 2. HP: 23/23 MP: 5/5
   456 | D:1      | Reached XP level 3. HP: 21/28 MP: 6/6
   461 | D:1      | Learned a level 3 spell: Spider Form
  1414 | D:2      | Reached skill level 1 in Poison Magic
  1445 | D:2      | Found a shadowy altar of Dithmenos.
  1785 | D:2      | Found a runed door.
  1790 | D:2      | Noticed Crazy Yiuf
  1806 | D:2      | Killed Crazy Yiuf
  1806 | D:2      | Reached XP level 4. HP: 4/35 MP: 4/7
  3235 | D:3      | Reached XP level 5. HP: 38/40 MP: 6/8
  3518 | D:4      | Found Pantose's General Store.
  3543 | D:4      | Bought a potion of heal wounds for 65 gold pieces
  3543 | D:4      | Bought a potion of curing for 39 gold pieces
  3557 | D:4      | Found Zex Xil's Distillery.
  3565 | D:4      | Bought a potion of might for 52 gold pieces
  3565 | D:4      | Bought a potion of mutation for 32 gold pieces
  3750 | D:4      | Noticed an ogre
  3758 | D:4      | Killed an ogre
  3902 | D:4      | Found Gakuorgh's General Store.
  3911 | D:4      | Bought a potion of curing for 33 gold pieces
  3925 | D:4      | Found a sand-covered staircase.
  3998 | Ossuary  | Entered an ossuary
  4013 | Ossuary  | Reached skill level 5 in Unarmed Combat
  4013 | Ossuary  | Reached XP level 6. HP: 25/47 MP: 3/9
  4346 | D:4      | Found Oqur's Gadget Shoppe.
  4348 | D:4      | Noticed Natasha
  4357 | D:4      | Killed Natasha
  4383 | D:4      | Noticed Edmund
  4412 | D:4      | Killed Edmund
  4412 | D:4      | Your scales start taking on a fiery red colour.
  4412 | D:4      | Reached XP level 7. HP: 31/52 MP: 6/10
  4412 | D:4      | Gained mutation: Your flesh is heat resistant. (rF+) [Red Draconian growth]
  4626 | D:4      | Noticed Natasha
  4636 | D:4      | Killed Natasha
  4775 | D:5      | Entered Level 5 of the Dungeon
  5136 | D:5      | Found a staircase to the Ecumenical Temple.
  5149 | Temple   | Entered the Ecumenical Temple
  5344 | Temple   | Became a worshipper of Warmaster Okawaru
  5471 | D:5      | Noticed Duvessa
  5473 | D:5      | Noticed Dowan
  5494 | D:5      | Killed Duvessa
  5496 | D:5      | Killed Dowan
  5767 | D:5      | Reached XP level 8. HP: 59/59 MP: 2/11
  5944 | D:5      | Reached * piety under Okawaru
  6014 | D:5      | You fall through a shaft for 2 floors!
  6918 | D:6      | Reached skill level 10 in Unarmed Combat
  7164 | D:6      | Reached skill level 5 in Transmutations
  7677 | D:7      | Reached ** piety under Okawaru
  7730 | D:7      | Found a hazy altar of Hepliaklqana.
  7994 | D:7      | Reached XP level 9. HP: 52/64 MP: 8/12
  8391 | D:7      | Learned a level 5 spell: Blade Hands
  9258 | D:8      | Found Veasinomul's Magic Scroll Emporium.
  9271 | D:8      | Bought a scroll of teleportation for 42 gold pieces
  9271 | D:8      | Bought a scroll of identify for 28 gold pieces
  9563 | D:8      | Reached *** piety under Okawaru
  9835 | D:8      | Found a blossoming altar of Fedhas.
 10469 | D:8      | Reached skill level 10 in Transmutations
 10802 | D:9      | Reached skill level 1 in Invocations
 10856 | D:9      | Noticed a troll
 10862 | D:9      | Killed a troll
 10866 | D:9      | Reached XP level 10. HP: 49/71 MP: 6/13
 11393 | D:9      | Noticed a red ugly thing
 11406 | D:9      | Killed a red ugly thing
 11406 | D:9      | Reached **** piety under Okawaru
 11810 | D:9      | Reached skill level 5 in Invocations
 12374 | D:10     | Entered Level 10 of the Dungeon
 12389 | D:9      | Reached skill level 5 in Dodging
 13434 | D:10     | Reached skill level 5 in Fighting
 13756 | D:10     | Got a pair of twisted gloves
 13767 | D:10     | Identified the +4 pair of gloves of Igrusu {-Cast +Fly rCorr Str+7} (You found it on level 10 of the Dungeon)
 13883 | D:10     | Reached XP level 11. HP: 85/88 MP: 10/14
 14499 | D:11     | Noticed a deep elf mage
 14948 | D:11     | Reached ***** piety under Okawaru
 15209 | D:11     | Noticed a brown ugly thing
 15217 | D:11     | Killed a brown ugly thing
 15369 | D:11     | Noticed an unseen horror
 15389 | D:11     | Killed an unseen horror
 15526 | D:11     | Found a staircase to the Lair.
 15602 | D:11     | Noticed a green ugly thing
 15611 | D:11     | Killed a green ugly thing
 15857 | D:11     | Noticed a red ugly thing
 15864 | D:11     | Killed a red ugly thing
 16085 | D:11     | Gained mutation: You are agile. (Dex +2) [potion of beneficial mutation]
 16174 | D:12     | Found a staircase to the Orcish Mines.
 16325 | D:12     | Reached skill level 10 in Dodging
 16352 | D:12     | Found Cahuir's Assorted Antiques.
 16537 | D:12     | Noticed a cyan ugly thing
 16545 | D:12     | Killed a cyan ugly thing
 16545 | D:12     | Reached ****** piety under Okawaru
 16545 | D:12     | Received a gift from Okawaru
 16545 | D:12     | Reached XP level 12. HP: 32/100 MP: 9/15
 17552 | D:13     | Got a slimy ivory amulet
 17784 | D:13     | Received a gift from Okawaru
 18247 | D:14     | Found Guifal's Weapon Shop.
 18740 | D:14     | Noticed a vault guard
 18750 | D:14     | Reached XP level 13. HP: 35/105 MP: 15/18
 18901 | D:14     | Found a gate to the Vaults.
 18911 | D:14     | Gained mutation: Your spells are a little harder to cast, but a little more powerful. [potion of beneficial mutation]
 19158 | Lair:1   | Entered Level 1 of the Lair of Beasts
 19402 | Lair:1   | Identified the amulet "Xomm" {Faith Str+3} (You found it on level 13 of the Dungeon)
 19641 | Lair:1   | Got a shimmering golden amulet
 19753 | Lair:1   | Received a gift from Okawaru
 19791 | Lair:1   | Identified the amulet of Gexkoheu {+Rage Int+4 Dex-3} (You found it on level 1 of the Lair of Beasts)
 20536 | Lair:2   | Identified a scroll of acquirement
 20538 | Lair:2   | Got an ancient platinum ring
 20540 | Lair:2   | Identified the ring of Veimirew {rF+ rC+ MP+9} (You acquired it on level 2 of the Lair of Beasts)
 20560 | Lair:2   | Learned a level 4 spell: Ice Form
 20565 | Lair:2   | Upgraded the game from 0.19.1 to 0.19.1-1-g22dce08
 20578 | Lair:2   | Reached skill level 5 in Spellcasting
 21000 | Lair:2   | Found a staircase to the Swamp.
 22070 | Lair:3   | Found a staircase to the Snake Pit.
 22794 | Lair:4   | Found a labyrinth entrance.
 23390 | Lair:5   | Noticed Rupert
 23397 | Lair:5   | Paralysed by Rupert for 5 turns
 23422 | Lair:5   | Mangled by Rupert

Skill      XL: |  1  2  3  4  5  6  7  8  9 10 11 12 13 |
---------------+----------------------------------------+-----
Transmutations | 3 4 6 10 | 10.4
Poison Magic   | 1 2 |  2.0
Unarmed Combat | 5 6 8 10 11 13 | 13.4
Dodging        | 2 6 10 12 13 | 13.0
Invocations    | 2 5 7 |  7.1
Fighting       | 5 7 |  7.0
Spellcasting   | 3 5 |  5.4

Action                   |  1- 3 |  4- 6 |  7- 9 | 10-12 | 13-15 || total
-------------------------+-------+-------+-------+-------+-------++-------
Melee: Unarmed           |   201 |   162 |   412 |   828 |   429 ||  2032
       Tailslap          |    16 |    15 |    31 |    87 |    46 ||   195
       Punch             |     1 |     2 |     8 |    35 |    26 ||    72
       Headbutt          |     3 |       |       |       |       ||     3
       Kick              |       |     2 |       |       |       ||     2
 Cast: Beastly Appendage |     3 |     2 |       |       |       ||     5
       Spider Form       |     1 |     7 |    16 |       |       ||    24
       Blade Hands       |       |       |     4 |    46 |    25 ||    75
       Ice Form          |       |       |       |       |     1 ||     1
Invok: Heroism           |       |       |     7 |    19 |     5 ||    31
       Finesse           |       |       |       |       |     2 ||     2
 Abil: Breathe Fire      |       |       |     1 |       |       ||     1
  Use: Scroll            |     1 |    10 |     8 |     9 |     8 ||    36
       Potion            |       |     3 |     2 |     4 |     7 ||    16
 Stab: Sleeping          |     4 |     6 |     3 |     1 |       ||    14
       Distracted        |       |       |     1 |       |       ||     1
  Eat: Chunk             |     3 |     8 |    18 |    36 |    21 ||    86
       Beef jerky        |       |     1 |       |     1 |       ||     2
       Fruit             |       |       |     5 |       |       ||     5
       Pizza             |       |       |     2 |     1 |       ||     3
       Meat ration       |       |       |       |     2 |       ||     2
       Royal jelly       |       |       |       |       |     1 ||     1
Armor: Skin              |    70 |    30 |    93 |   198 |    60 ||   451
Dodge: Dodged            |   143 |    90 |   216 |   621 |   347 ||  1417
